AoeStats
← 林海

Nomad

509864138Analyzed
4v4 RM · 5d ago on Sep 28, 2026· 40m 30s· 8 players
Game mode
Random Map
Map size
231×231
Population
200
Speed
Normal
Resources
Standard
Victory
Conquest
Starting age
Dark Age
Ending age
Imperial Age
RankedLock teamsTeams togetherTeam positionsShared explorationLock speedFull tech treeHidden civsTurbo modeCheats
Victory
Defeat
🇮🇳 Muisca · India
1114
+15
🇨🇳 Spanish · China
1095
+16
🇦🇷 Varangians · Argentina
1089
+16
🇨🇳 Mongols · China
1075
+17
1122
-17
🇧🇪 Lithuanians · Belgium
1108
-17
🇫🇷 Vietnamese · France
1083
-16
🇨🇳 Spanish · China
1050
-14
MrBigPotato
14:50 Feudal Age
16:05 Double-Bit Axe
21:42 Castle Age
20:11 Horse Collar
22:39 Bow Saw
22:32 Heavy Plow
26:43 Stone Mining
28:28 Thumb Ring
29:12 Scale Mail Armor
29:35 Loom
32:31 Husbandry
33:45 Bloodlines
34:56 Elite Skirmisher
35:31 Fletching
35:42 Padded Archer Armor
39:02 Forging
39:51 Scale Barding Armor
40:21 Iron Casting
Toonzy
4:44 Loom
13:54 Feudal Age
14:45 Double-Bit Axe
15:28 Town Watch
18:37 Fishing Lines
27:40 Castle Age
25:53 Stone Mining
25:45 Horse Collar
26:42 Gold Mining
29:44 Wheelbarrow
29:37 Bow Saw
35:09 Scale Barding Armor
35:15 Forging
38:53 Wheelbarrow
39:57 Chain Barding Armor
永不投降嘻嘻
13:44 Feudal Age
16:31 Loom
19:09 Castle Age
17:44 Double-Bit Axe
18:24 Horse Collar
19:09 Loom
21:22 Husbandry
23:05 Padded Archer Armor
25:02 Leather Archer Armor
33:05 Elite Skirmisher
36:12 Gold Mining
40:49 Imperial Age
Prince Of The Darkness
5:39 Loom
15:17 Feudal Age
19:13 Castle Age
17:19 Double-Bit Axe
18:14 Fletching
19:39 Padded Archer Armor
20:07 Bow Saw
19:35 Elite Skirmisher
21:58 Horse Collar
23:19 Wheelbarrow
24:30 Chemistry
23:41 Masonry
24:28 Town Watch
27:58 Demolition Ship
31:09 Crossbowman
32:47 Bodkin Arrow
35:40 Heavy Plow
37:40 Hand Cart
42:27 Imperial Age
ravish.ratnam
3:39 Loom
12:38 Feudal Age
15:27 Scale Mail Armor
15:35 Champi Runner
17:16 Fletching
18:54 Padded Archer Armor
25:16 Castle Age
24:06 Double-Bit Axe
25:01 Forging
25:19 Crossbowman
25:21 Champi Warrior
26:43 Bodkin Arrow
27:08 Chain Mail Armor
27:20 Bow Saw
28:23 Ballistics
31:49 Thumb Ring
32:38 Horse Collar
35:40 Leather Archer Armor
40:56 Imperial Age
40:31 Wheelbarrow
Tio Nacho
16:05 Feudal Age
17:44 Fishing Lines
17:59 Town Watch
18:52 Wheelbarrow
22:36 Castle Age
23:37 Medium Warships
23:20 Gillnets
23:49 Hand Cart
25:18 Fletching
27:13 Double-Bit Axe
28:10 Loom
31:03 Town Patrol
31:57 Bow Saw
34:09 Scale Mail Armor
34:19 Forging
34:32 Squires
36:35 Chain Mail Armor
39:03 Iron Casting
39:25 Ballistics
林海
5:08 Loom
13:35 Feudal Age
17:13 Castle Age
15:17 Fishing Lines
16:18 Stone Mining
16:29 Double-Bit Axe
16:57 Gold Mining
18:32 Bow Saw
20:24 Horse Collar
21:30 Gillnets
26:30 Bloodlines
30:41 Wheelbarrow
32:22 Stone Shaft Mining
32:04 Hand Cart
32:13 Husbandry
34:10 Padded Archer Armor
37:24 Imperial Age
35:34 Leather Archer Armor
38:27 Leather Archer Armor
39:10 Hoardings
39:04 Elite Conquistador
_xy_2252
4:30 Loom
14:28 Feudal Age
15:53 Wheelbarrow
15:16 Double-Bit Axe
15:42 Town Watch
18:44 Castle Age
17:43 Stone Mining
20:19 Stone Shaft Mining
20:46 Bow Saw
20:19 Horse Collar
21:47 Medium Warships
27:50 Gold Mining
34:42 Imperial Age
37:39 Padded Archer Armor
37:30 Fletching
40:00 Gold Shaft Mining
39:50 Hand Cart
39:18 Elite Mangudai
Connection lost

Rejoining the realm…

Still unreachable

The connection could not be restored.

Session expired

The server has moved on; the page needs a fresh start.